 Dungeon Crawl Stone Soup version 0.26-b1-32-g5d43845318 (webtiles) character file.

Game seed: 8402087607380602300

63 wakim the Vandal (level 4, -2/29 HPs)
             Began as a Halfling Hunter on Jan 9, 2021.
             Slain by Natasha (8 damage)
             ... on level 3 of the Dungeon.
             The game lasted 00:05:32 (1666 turns).

wakim the Vandal (Halfling Hunter)                  Turns: 1666, Time: 00:05:33

Health: -2/29      AC:  4    Str: 13    XL:     4   Next: 31%
Magic:  4/4        EV: 15    Int:  9    God:
Gold:   145        SH:  0    Dex: 15    Spells: 3/3 levels left

rFire    . . .     SeeInvis .   b - +0 short sword
rCold    . . .     Faith    .   (shield restricted)
rNeg     . . .     Spirit   .   c - +1 leather armour
rPois    .         Reflect  .   (no helmet)
rElec    .         Harm     .   (no cloak)
rCorr    .         Rampage  .   (no gloves)
Will     .....                  (no boots)
Stlth    ++........             f - amulet of inaccuracy (curse)
HPRegen  0.09/turn              (no ring)
MPRegen  0.09/turn              (no ring)

@: no status effects
A: small, mutation resistance 1
a: no special abilities


You were on level 3 of the Dungeon.
You visited 1 branch of the dungeon, and saw 3 of its levels.

You collected 145 gold pieces.

Inventory:

Hand Weapons
 a - a +1 hunting sling
 b - a +0 short sword (weapon)
Missiles
 d - 32 sling bullets
 e - 30 stones (quivered)
Armour
 c - a +1 leather armour (worn)
Jewellery
 f - a cursed amulet of inaccuracy (around neck)
Scrolls
 l - a scroll of teleportation
Potions
 g - a potion of might
 h - a potion of mutation {unknown}
 i - a potion of attraction {unknown}
 j - a potion of heal wounds {unknown}


   Skills:
 + Level 2.3 Fighting
 * Level 6.6 Slings
 + Level 1.2 Armour
 + Level 2.7 Dodging
 + Level 2.0 Stealth


You had 3 spell levels left.
You didn't know any spells.
Your spell library was empty.

Dungeon Overview and Level Annotations

Branches:
Dungeon (3/15)

Altars:

Annotations:
D:3 Natasha


Innate Abilities, Weirdness & Mutations

You are small and have problems with some larger weapons.
You are somewhat resistant to further mutation.


Message History

Natasha is moderately wounded.
Natasha casts a spell at you. The magic dart hits you.
* * * LOW HITPOINT WARNING * * *
You miss Natasha.
Natasha is moderately wounded.
Natasha mumbles some strange words.
Natasha closely misses you.
You completely miss Natasha.
Natasha is moderately wounded.
Natasha closely misses you.
The crimson imp blinks!
You barely miss Natasha.
Natasha is moderately wounded.
Natasha misses you.
The crimson imp laughs crazily.
The crimson imp barely misses you.
You hit Natasha.
Natasha is moderately wounded.
The crimson imp completely misses you. Natasha claws you!
You die...

### ..#
#.# #.#
#.# #h#
#@#
#5##.##.#
#<.......
####.##.#
#


You could see Natasha (resistant) and a crimson imp (summoned).

Vanquished Creatures
  Jessica (D:2)
  An ooze (D:2)
  A worm (D:2)
  4 bats
  3 giant cockroaches
  5 goblins
  2 hobgoblins
  3 jackals (D:1)
  A quokka (D:3)
  A frilled lizard (D:1)
  3 kobolds (D:2)
  5 rats (D:1)
30 creatures vanquished.

Notes
Turn   | Place    | Note
-------+----------+-------------------------------------------
     0 | D:1      | wakim the Halfling Hunter began the quest for the Orb.
     0 | D:1      | Reached XP level 1. HP: 14/14 MP: 1/1
   170 | D:1      | Reached skill level 6 in Slings
   170 | D:1      | Reached XP level 2. HP: 14/19 MP: 2/2
   999 | D:2      | Reached XP level 3. HP: 24/24 MP: 3/3
  1354 | D:2      | Noticed Jessica
  1363 | D:2      | Killed Jessica
  1364 | D:2      | Reached skill level 1 in Armour
  1364 | D:2      | Reached XP level 4. HP: 29/29 MP: 4/4
  1634 | D:3      | Noticed Natasha
  1666 | D:3      | Slain by Natasha

Illustrated notes

Levels and vault maps discovered:
D:1:      elethiomel_arrival_maze, layout_basic
D:2:      layout_basic, uniq_jessica
D:3:      layout_loops_ring, tso_altar, cheibrodos_sewer_entry_sluice,
          trog_hazing_becter, uniq_natasha, uniq_grinder, uniq_robin

Skill      XL: |  1  2  3  4 |
---------------+-------------+-----
Slings         | 6 |  6.6
Fighting       | 2 |  2.3
Armour         | 1 |  1.2
Stealth        | 2 |  2.0
Dodging        | |  2.7

Action                   |  1- 3 |  4- 6 || total
-------------------------+-------+-------++-------
Melee: Short sword       |    31 |    33 ||    64
 Fire: Hunting sling     |    65 |    25 ||    90
  Use: Scroll            |     2 |     2 ||     4
 Stab: Sleeping          |     3 |       ||     3
Armor: Leather armour    |    13 |    10 ||    23
Dodge: Dodged            |    40 |    34 ||    74
